 Dungeon Crawl Stone Soup version 0.23.0-3-gf3c87f2df8 (webtiles) character file.

Game seed: 11142523099379625078

147 Forgol the Vexing (level 5, -4/39 HPs)
             Began as a Formicid Arcane Marksman on Feb 21, 2019.
             Slain by a gnoll
             ... wielding a +1 halberd of protection
              (12 damage)
             ... on level 2 of the Dungeon.
             The game lasted 00:06:40 (1848 turns).

Forgol the Vexing (Formicid Arcane Marksman)        Turns: 1848, Time: 00:06:40

Health: -4/39      AC:  2    Str: 15    XL:     5   Next: 54%
Magic:  6/6        EV: 12    Int: 13    God:
Gold:   195        SH:  0    Dex: 11    Spells: 1/6 levels left

rFire    . . .     SeeInvis +   a - +1 hunting sling
rCold    . . .     Gourm    .   (no shield)
rNeg     . . .     Faith    .   e - +0 robe
rPois    .         Spirit   .   (helmet unavailable)
rElec    .         Reflect  .   (no cloak)
rCorr    .         Harm     .   (no gloves)
MR       .....                  (no boots)
Stlth    +.........             (no amulet)
HPRegen  0.13/turn              g - ring of wizardry
MPRegen  0.10/turn              (no ring)

@: no status effects
A: permanent stasis, dig shafts and tunnels, four strong arms, antennae 3
a: Dig, Shaft Self


You were on level 2 of the Dungeon.
You were not hungry.

You visited 1 branch of the dungeon, and saw 2 of its levels.

You collected 195 gold pieces.

Inventory:

Hand Weapons
 a - a +1 hunting sling (weapon)
Missiles
 d - 22 sling bullets (quivered)
 k - 35 stones
Armour
 e - a +0 robe (worn)
Jewellery
 g - a ring of wizardry (left hand)
 q - a cursed -2 ring of strength {unknown}
Scrolls
 b - a scroll of magic mapping
 c - a scroll of remove curse
 l - a scroll of fog {unknown}
 m - a scroll of teleportation {unknown}
 n - 3 scrolls of identify {unknown}
 p - a scroll of enchant armour {unknown}
 r - a scroll of blinking {unknown}
Potions
 h - 2 potions of curing {unknown}
 i - 3 potions of berserk rage {unknown}
 j - a potion of magic {unknown}
 o - a potion of cancellation {unknown}
Comestibles
 f - a ration


   Skills:
 + Level 2.5 Fighting
 * Level 4.1 Slings
 + Level 1.0 Armour
 - Level 2.3 Dodging
 - Level 1.1 Spellcasting
 + Level 4.4 Hexes


You had one spell level left.
You knew the following spells:

 Your Spells              Type           Power        Failure   Level  Hunger
a - Corona                Hex            ##.....      1%          1    ##.....
b - Cause Fear            Hex            ##........   17%         4    #####..

Your spell library contained the following spells:

 Spells                   Type           Power        Failure   Level  Hunger
 Slow                     Hex            ##......     2%          2    ###....
 Inner Flame              Hex/Fire       #.......     14%         3    ####...
 Portal Projectile        Hex/Tloc       #.....       14%         3    ####...
 Leda's Liquefaction      Hex/Erth       #.........   41%         4    #####..


Dungeon Overview and Level Annotations

Branches:
Dungeon (2/15)

Altars:


Innate Abilities, Weirdness & Mutations

You cannot be hasted, slowed, berserked, paralysed or teleported.
You can dig through walls and to a lower floor.
Your four strong arms can wield two-handed weapons with a shield.
You have a pair of large antennae on your head. (SInv)


Message History

You are too injured to fight recklessly!
You are too injured to fight recklessly!
Firing (i - inventory. (/) - cycle)
d - 25 sling bullets (quivered)
Press: ? - help, Shift-Dir - straight line, f/p - gnoll
Aim: a gnoll, wielding a +1 halberd of protection (moderately wounded)
You shoot a sling bullet. The sling bullet hits the gnoll.
The gnoll is severely wounded.
The gnoll closely misses you.
Firing (i - inventory. (/) - cycle)
d - 24 sling bullets (quivered)
Press: ? - help, Shift-Dir - straight line, f/p - gnoll
Aim: a gnoll, wielding a +1 halberd of protection (severely wounded)
You shoot a sling bullet.
The sling bullet barely misses the gnoll.
Firing (i - inventory. (/) - cycle)
d - 23 sling bullets (quivered)
Press: ? - help, Shift-Dir - straight line, f/p - gnoll
Aim: a gnoll, wielding a +1 halberd of protection (severely wounded)
You shoot a sling bullet.
The sling bullet closely misses the gnoll.
The gnoll hits you from afar with a +1 halberd of protection!
You die...

.#.#.####.###.####.########.##.#.
.#.#..........# #..........##...
.#.#......##### ##.....########.
.#.#.........######.....# #.
.#.##...................# #.
.#.##...................# ####
.#.##........###........# #...
.#....#.###.## #........# #.##
.######.# #.# #@.....### ####.##
.......†# #.# #......# #......
###.....# #.# #g.....# #......
#.....# #.# #(....(#####......
#.....# #.# #)###.............
#.....# #.# #(# #########'#'##
#.....# #.# #(# #.#.# ###)....#
#.# #(# ####.#.# ......#.# #.#
#######....#.#


You could see a gnoll.

Vanquished Creatures
  3 gnolls (D:2)
  6 adders (D:2)
  An ooze (D:1)
  3 dart slugs
  3 leopard geckos (D:1)
  9 bats
  A giant cockroach (D:2)
  8 goblins
  5 hobgoblins
  6 kobolds
  2 quokkas (D:2)
  2 ball pythons (D:1)
  A frilled lizard (D:2)
  6 rats
56 creatures vanquished.

Notes
Turn   | Place    | Note
-------+----------+-------------------------------------------
     0 | D:1      | Forgol the Formicid Arcane Marksman began the quest for the
                  | Orb.
     0 | D:1      | Reached XP level 1. HP: 15/15 MP: 2/2
   152 | D:1      | Reached XP level 2. HP: 17/21 MP: 3/3
   434 | D:1      | Reached XP level 3. HP: 25/26 MP: 4/4
   937 | D:2      | Reached XP level 4. HP: 33/33 MP: 5/5
  1284 | D:2      | Reached XP level 5. HP: 33/38 MP: 6/6
  1619 | D:2      | Learned a level 4 spell: Cause Fear
  1844 | D:2      | Reached skill level 1 in Armour
  1848 | D:2      | Slain by a gnoll

Skill      XL: |  1  2  3  4  5 |
---------------+----------------+-----
Dodging        | 2 |  2.3
Slings         | 3 4 |  4.1
Hexes          | 4 |  4.4
Fighting       | 2 |  2.5
Armour         | 1 |  1.0
Spellcasting   | |  1.1

Action                   |  1- 3 |  4- 6 || total
-------------------------+-------+-------++-------
 Fire: Hunting sling     |    87 |    97 ||   184
 Cast: Corona            |     2 |       ||     2
  Use: Scroll            |     4 |       ||     4
  Eat: Ration            |       |     1 ||     1
       Chunk             |       |     1 ||     1
Armor: Robe              |     6 |     4 ||    10
Dodge: Dodged            |    29 |    29 ||    58
